[Event "Gibraltar Masters 18th"]
[Site "Gibraltar"]
[Date "2020.01.26"]
[Round "6.37"]
[White "Mendonca, Leon Luke"]
[Black "Beliavsky, Alexander G"]
[Result "1/2-1/2"]
[ECO "D37"]
[WhiteElo "2417"]
[BlackElo "2529"]
[PlyCount "85"]
[EventDate "2020.01.21"]
[EventType "swiss"]
[EventRounds "10"]
[EventCountry "GGB"]
[SourceTitle "BritBase"]
[Source "John Saunders"]
[SourceDate "2021.06.05"]
[SourceVersion "1"]
[SourceVersionDate "2021.06.05"]
[SourceQuality "1"]
[TimeControl "40/100:0"]
[WhiteClock "0:13:43"]
[BlackClock "0:32:07"]

1. d4 d5 2. c4 e6 3. Nf3 Nf6 4. Nc3 Be7 5. Bf4 O-O 6. e3 c5 7. dxc5 Bxc5 8. cxd5 Nxd5 9. Nxd5 exd5 10. a3 Nc6 11. Bd3 h6 12. h3 Qf6 13. b4 Bb6 14. b5 Re8 15. O-O Na5 16. Bb1 d4 17. Nxd4 Bxd4 18.
Qxd4 Qxd4 19. exd4 Nb3 20. Ra2 Nxd4 21. Bd3 Bf5 22. Bxf5 Nxf5 23. Rd1 Re4 24. Bg3 Rc8 25. Rad2 Nxg3 26. Rd8+ Rxd8 27. Rxd8+ Kh7 28. fxg3 Ra4 29. Rd7 b6 30. Rxf7 Rxa3 31. g4 Ra5 32. Kf2 Rxb5 33. Rxa7 Re5 34. Rb7 Re6 35. Kf3 Kg6 36. h4 Kf6 37. g5+ hxg5 38. hxg5+ Kg6 39. Kf4 Rc6 40. Kg4 Rc4+ 41. Kf3 Rb4 42. Kg3 Rb5 43. Kh3 1/2-1/2

[Event "Gibraltar Masters 18th"]
[Site "Gibraltar"]
[Date "2020.01.26"]
[Round "6.38"]
[White "Trent, Lawrence"]
[Black "Sadhwani, Raunak"]
[Result "0-1"]
[ECO "D00"]
[WhiteElo "2383"]
[BlackElo "2522"]
[PlyCount "78"]
[EventDate "2020.01.21"]
[EventType "swiss"]
[EventRounds "10"]
[EventCountry "GGB"]
[SourceTitle "BritBase"]
[Source "John Saunders"]
[SourceDate "2021.06.05"]
[SourceVersion "1"]
[SourceVersionDate "2021.06.05"]
[SourceQuality "1"]
[TimeControl "40/100:0"]
[WhiteClock "0:01:22"]
[BlackClock "0:12:38"]

1. d4 Nf6 2. Bg5 d5 3. Nd2 c5 4. dxc5 Qa5 5. c3 Qxc5 6.
Bxf6 gxf6 7. Ngf3 Nc6 8. e4 Be6 9. Qa4 O-O-O 10. Bb5 a6 11.
Bxc6 Qxc6 12. Qxc6+ bxc6 13. O-O Rg8 14. Rfe1 Bh3 15. g3 e5 16. c4 dxe4 17. Nxe4 Be7 18. c5 f5 19. Nd6+ Bxd6 20. cxd6 f6 21.
Nd2 Rxd6 22. Nc4 Rd4 23. Rac1 Kc7 24. f4 exf4 25. Na5 Kb6 26.
Nc4+ Kc5 27. Na5+ Kb6 28. Nc4+ Kb5 29. Na3+ Ka5 30. Nc4+ Kb4 31. Na3 Re4 32. Red1 fxg3 33. Rd7 gxh2+ 34. Kxh2 Bf1 35. Rb7+ Ka4 36. Rxh7 Re2+ 37. Kh1 Bg2+ 38. Kg1 Be4+ 39. Kf1 Rxb2 0-1

[Event "Gibraltar Masters 18th"]
[Site "Gibraltar"]
[Date "2020.01.26"]
[Round "6.39"]
[White "Merario Alarcon, Andres"]
[Black "Gordon, Stephen J"]
[Result "0-1"]
[ECO "E35"]
[WhiteElo "2412"]
[BlackElo "2504"]
[PlyCount "94"]
[EventDate "2020.01.21"]
[EventType "swiss"]
[EventRounds "10"]
[EventCountry "GGB"]
[SourceTitle "BritBase"]
[Source "John Saunders"]
[SourceDate "2021.06.05"]
[SourceVersion "1"]
[SourceVersionDate "2021.06.05"]
[SourceQuality "1"]
[TimeControl "40/100:0"]
[WhiteClock "0:01:40"]
[BlackClock "0:41:03"]

1. d4 Nf6 2. c4 e6 3. Nc3 Bb4 4. Qc2 d5 5. cxd5 exd5 6. Bg5 h6 7. Bh4 O-O 8. e3 c5 9. dxc5 Be6 10. Nf3 Nbd7 11. c6 bxc6 12. Be2 Rc8 13.
O-O Nc5 14. Rac1 Bxc3 15. Qxc3 Nce4 16. Qa3 c5 17. b4 cxb4 18. Qxb4 Qb6 19. Qa3 Rxc1 20. Rxc1 Rc8 21. Nd4 Rxc1+ 22. Qxc1 g5 23. Bg3 Nxg3 24. hxg3 Qa5 25. a3 Ne4 26. Bd3 Qd2 27. Qxd2 Nxd2 28. f3 Bd7 29. Kf2 Ba4 30. Ke2 Nb3 31. Nxb3 Bxb3 32. Kd2 Kf8 33. Kc3 Bd1 34. Kd4 Bb3 35. Kc5 Ke7 36. f4 g4 37. Ba6 h5 38.
Bb7 Ke6 39. Bc6 Ba2 40. a4 Bb3 41. a5 Ba2 42. Bb7 Bb3 43.
Bc8+ Ke7 44. Kc6 Bc4 45. Kb7 Kd8 46. Bf5 Bf1 47. Kxa7 Kc7 0-1

[Event "Gibraltar Masters 18th"]
[Site "Gibraltar"]
[Date "2020.01.26"]
[Round "6.40"]
[White "Wemmers, Xander"]
[Black "Petrov, Martin"]
[Result "1-0"]
[ECO "E20"]
[WhiteElo "2380"]
[BlackElo "2504"]
[PlyCount "81"]
[EventDate "2020.01.21"]
[EventType "swiss"]
[EventRounds "10"]
[EventCountry "GGB"]
[SourceTitle "BritBase"]
[Source "John Saunders"]
[SourceDate "2021.06.05"]
[SourceVersion "1"]
[SourceVersionDate "2021.06.05"]
[SourceQuality "1"]
[TimeControl "40/100:0"]
[WhiteClock "0:00:59"]
[BlackClock "0:00:31"]

1. d4 Nf6 2. c4 e6 3. Nc3 Bb4 4. f3 c5 5. d5 b5 6. e4 bxc4 7. Bxc4 O-O 8.
Nge2 Nxd5 9. Bxd5 exd5 10. Qxd5 Ba6 11. O-O Bxc3 12. Nxc3 Bxf1 13. Qxa8 Qb6 14. Nd5 Qb5 15. Ne7+ Kh8 16. Qd5 Nc6 17. Nf5 Bc4 18. Qd6 Rg8 19. b3 Be6 20. Ng3 c4 21. bxc4 Qxc4 22. Bf4 a5 23. h4 a4 24. a3 h6 25. Rd1 Rb8 26. Qd2 Rb5 27. Kh2 Qc5 28.
Bd6 Qb6 29. Rc1 Rb2 30. Rc2 Rb1 31. Rc1 Rb2 32. Rc2 Rb1 33.
Rc1 Qb2 34. Qxb2 Rxb2 35. Nh5 Rd2 36. Bf8 g6 37. Bxh6 Ra2 38.
Nf6 Rxa3 39. h5 gxh5 40. Rc5 Ne7 41. Bf8 1-0

[Event "Gibraltar Masters 18th"]
[Site "Gibraltar"]
[Date "2020.01.26"]
[Round "6.41"]
[White "Zhukova, Natalia"]
[Black "Barbosa, Evandro Amorim"]
[Result "1/2-1/2"]
[ECO "A29"]
[WhiteElo "2338"]
[BlackElo "2501"]
[PlyCount "45"]
[EventDate "2020.01.21"]
[EventType "swiss"]
[EventRounds "10"]
[EventCountry "GGB"]
[SourceTitle "BritBase"]
[Source "John Saunders"]
[SourceDate "2021.06.05"]
[SourceVersion "1"]
[SourceVersionDate "2021.06.05"]
[SourceQuality "1"]
[TimeControl "40/100:0"]
[WhiteClock "0:38:39"]
[BlackClock "0:33:56"]

1. c4 e5 2. Nc3 Nf6 3. Nf3 Nc6 4. g3 d5 5. cxd5 Nxd5 6. Bg2 Nb6 7. O-O Be7 8. a3 O-O 9. b4 Re8 10. d3 Bf8 11. Bg5 f6 12. Be3 a5 13.
Bxb6 cxb6 14. b5 Nd4 15. e3 Nxf3+ 16. Qxf3 Rb8 17. Rfd1 Be6 18. d4 Qc8 19. Rdc1 Bg4 20. Qd5+ Be6 21. Qf3 Bg4 22. Qd5+ Be6 23. Qf3 1/2-1/2

[Event "Gibraltar Masters 18th"]
[Site "Gibraltar"]
[Date "2020.01.26"]
[Round "6.42"]
[White "Lujan, Carolina"]
[Black "Lei, Tingjie"]
[Result "1/2-1/2"]
[ECO "C54"]
[WhiteElo "2330"]
[BlackElo "2493"]
[PlyCount "77"]
[EventDate "2020.01.21"]
[EventType "swiss"]
[EventRounds "10"]
[EventCountry "GGB"]
[SourceTitle "BritBase"]
[Source "John Saunders"]
[SourceDate "2021.06.05"]
[SourceVersion "1"]
[SourceVersionDate "2021.06.05"]
[SourceQuality "1"]
[TimeControl "40/100:0"]
[WhiteClock "0:07:48"]
[BlackClock "0:25:00"]

1. e4 e5 2. Nf3 Nc6 3. Bc4 Bc5 4. d3 Nf6 5. O-O d6 6. c3 a5 7. Bb3 O-O 8. h3 h6 9. Re1 Re8 10. Nbd2 Be6 11. Ba4 Qb8 12. Nf1 b5 13. Bc2 Qa7 14. Be3 Bxe3 15. Nxe3 Ne7 16. d4 Ng6 17. Nf5 Rad8 18. Qc1 c5 19. Nxd6 Rxd6 20. dxe5 Nxe5 21. Nxe5 Bc8 22. Nf3 Rde6 23. e5 Nd7 24. Qf4 Qc7 25. a4 Bb7 26. Bf5 Nxe5 27. Nxe5 Rxe5 28. Rxe5 Qxe5 29. Qxe5 Rxe5 30. Bd3 bxa4 31.
Rxa4 Re1+ 32. Kh2 Rd1 33. Be4 Bxe4 34. Rxe4 Rd2 35. Re8+ Kh7 36. Ra8 Rxf2 37. Rxa5 Rxb2 38. Rxc5 Kg6 39. Kg3 1/2-1/2

[Event "Gibraltar Masters 18th"]
[Site "Gibraltar"]
[Date "2020.01.26"]
[Round "6.43"]
[White "Tan, Zhongyi"]
[Black "Chigaeva, Anastasia"]
[Result "1-0"]
[ECO "D17"]
[WhiteElo "2493"]
[BlackElo "2156"]
[PlyCount "65"]
[EventDate "2020.01.21"]
[EventType "swiss"]
[EventRounds "10"]
[EventCountry "GGB"]
[SourceTitle "BritBase"]
[Source "John Saunders"]
[SourceDate "2021.06.05"]
[SourceVersion "1"]
[SourceVersionDate "2021.06.05"]
[SourceQuality "1"]
[TimeControl "40/100:0"]
[WhiteClock "0:32:18"]
[BlackClock "0:00:46"]

1. d4 d5 2. c4 c6 3. Nf3 Nf6 4. Nc3 dxc4 5. a4 Bf5 6. Nh4 Bg4 7. h3 Be6 8. e4 Na6 9. Nf3 Nb4 10. Be2 g6 11. O-O Bg7 12. Ng5 Qd7 13.
e5 Nfd5 14. Nce4 Bf5 15. e6 fxe6 16. Nc5 Qc8 17. Bxc4 b6 18.
Nd3 Nxd3 19. Bxd3 O-O 20. Re1 e5 21. dxe5 Bxd3 22. Qxd3 Qf5 23. Qe2 Nb4 24. Ra3 Qc2 25. Ne6 Rf5 26. f4 c5 27. a5 Rc8 28.
axb6 axb6 29. Qd1 Rb8 30. Ra7 Rf7 31. Ng5 Rff8 32. Rxe7 Rfd8 33. Rxg7+ 1-0

[Event "Gibraltar Masters 18th"]
[Site "Gibraltar"]
[Date "2020.01.26"]
[Round "6.44"]
[White "Henderson De La Fuente, Lance"]
[Black "Pourkashiyan, Atousa"]
[Result "1-0"]
[ECO "E18"]
[WhiteElo "2492"]
[BlackElo "2305"]
[PlyCount "83"]
[EventDate "2020.01.21"]
[EventType "swiss"]
[EventRounds "10"]
[EventCountry "GGB"]
[SourceTitle "BritBase"]
[Source "John Saunders"]
[SourceDate "2021.06.05"]
[SourceVersion "1"]
[SourceVersionDate "2021.06.05"]
[SourceQuality "1"]
[TimeControl "40/100:0"]
[WhiteClock "0:19:57"]
[BlackClock "0:00:41"]

1. d4 Nf6 2. Nf3 e6 3. g3 b6 4. Bg2 Bb7 5. c4 Be7 6. O-O O-O 7. Nc3 Ne4 8. Bd2 d5 9. cxd5 exd5 10. Rc1 Nxc3 11. Rxc3 Bb4 12. Rc2 Bxd2 13. Qxd2 Nd7 14. Rfc1 c6 15. Qf4 Re8 16. Bh3 Qe7 17. b4 Rad8 18. b5 c5 19. Bxd7 Qxd7 20. dxc5 bxc5 21. Rxc5 Re4 22. Qc7 Kf8 23. Qa5 Rc4 24. Ne5 Rxc1+ 25. Rxc1 Qe7 26. Nc6 Bxc6 27. bxc6 Rc8 28. c7 Qxe2 29. Qxd5 Qe7 30. Qb7 Qd7 31. Qxa7 h5 32. h4 Kg8 33. Qc5 g6 34. Qc4 Kh7 35. a4 Qf5 36. Qc5 Qd3 37. a5 Qa6 38.
Qb6 Qe2 39. Qf6 Qe8 40. a6 Qd7 41. Qc6 Qd4 42. Qc4 1-0

[Event "Gibraltar Masters 18th"]
[Site "Gibraltar"]
[Date "2020.01.26"]
[Round "6.45"]
[White "Pogonina, Natalija"]
[Black "Nandhidhaa, P V."]
[Result "1-0"]
[ECO "E08"]
[WhiteElo "2479"]
[BlackElo "2312"]
[PlyCount "107"]
[EventDate "2020.01.21"]
[EventType "swiss"]
[EventRounds "10"]
[EventCountry "GGB"]
[SourceTitle "BritBase"]
[Source "John Saunders"]
[SourceDate "2021.06.05"]
[SourceVersion "1"]
[SourceVersionDate "2021.06.05"]
[SourceQuality "1"]
[TimeControl "40/100:0"]
[WhiteClock "0:31:14"]
[BlackClock "0:40:53"]

1. d4 Nf6 2. c4 e6 3. g3 d5 4. Bg2 Bb4+ 5. Bd2 Be7 6. Nf3 O-O 7. O-O c6 8. Qc2 b6 9. Bf4 Nh5 10. Bc1 Nf6 11. b3 Nbd7 12. Bb2 Bb7 13. Nc3 c5 14. cxd5 exd5 15. Rfd1 Rc8 16. dxc5 Bxc5 17. e3 Bb4 18. Qd3 Nc5 19. Qd4 a5 20. Rac1 Ne6 21. Qe5 Re8 22. Qf5 Qe7 23. Nb5 Ne4 24. Nfd4 g6 25. Qe5 Rxc1 26. Rxc1 N6c5 27. Qxe7 Rxe7 28. a3 Nd3 29. axb4 Nxb2 30. Bf1 Nd2 31. Rc2 Nxf1 32. Rxb2 Nxe3 33. fxe3 Rxe3 34. bxa5 bxa5 35. Ra2 Bc8 36. Kf2 Re4 37. Re2 Bd7 38. Rxe4 dxe4 39. Ke3 f5 40. Kf4 Kg7 41. Nc3 Kf7 42. Ke5 Be8 43. Ne6 h6 44. Nd8+ Kg7 45. Nb7 Bd7 46. Nxa5 g5 47. Nc4 Kg6 48. Ne3 h5 49. Ncd5 h4 50. Ne7+ Kh5 51. N7xf5 hxg3 52. hxg3 Bc6 53. Kf6 g4 54. Ng2 1-0

[Event "Gibraltar Masters 18th"]
[Site "Gibraltar"]
[Date "2020.01.26"]
[Round "6.46"]
[White "Csiki, Endre"]
[Black "Abergel, Thal"]
[Result "0-1"]
[ECO "B07"]
[WhiteElo "2263"]
[BlackElo "2478"]
[PlyCount "128"]
[EventDate "2020.01.21"]
[EventType "swiss"]
[EventRounds "10"]
[EventCountry "GGB"]
[SourceTitle "BritBase"]
[Source "John Saunders"]
[SourceDate "2021.06.05"]
[SourceVersion "1"]
[SourceVersionDate "2021.06.05"]
[SourceQuality "1"]
[TimeControl "40/100:0"]
[WhiteClock "0:27:59"]
[BlackClock "0:32:58"]

1. e4 Nc6 2. d4 d6 3. c3 Nf6 4. Bd3 e5 5. Nf3 g6 6. O-O Bg7 7. Re1 O-O 8. h3 h6 9. Be3 exd4 10. Nxd4 Ne5 11. Bc2 Nc4 12. Bc1 c5 13. Nf3 d5 14. exd5 Qxd5 15. Qxd5 Nxd5 16. Bb3 Ncb6 17. a4 a5 18. Na3 Bd7 19. Nc4 Nxc4 20. Bxc4 Nb6 21. Bb3 c4 22. Be3 cxb3 23. Bxb6 Rfe8 24. Rxe8+ Rxe8 25. Rd1 Bxa4 26. Bxa5 Bc6 27. Nd4 Ra8 28. Bb4 Ra2 29. Nxb3 Rxb2 30. Na5 Ba4 31. Rc1 b5 32. Nb7 g5 33. Ba3 Rd2 34. Bb4 Bb3 35. Nd6 Bc4 36. Nxc4 bxc4 37. Ra1 Rc2 38. Ra3 Be5 39. g3 Kg7 40. Kg2 f6 41. Ba5 Rb2 42. Ra4 Rb5 43. Bb4 h5 44. Ra6 Rb7 45. Kf3 Bxc3 46. Bxc3 Rb3 47. Rc6 Rxc3+ 48. Kg2 g4 49. Rc7+ Kg6 50. Rc5 Rc1 51. h4 c3 52. Kh2 f5 53. Rc6+ Kf7 54. Kg2 Ke7 55.
Rc8 Kd7 56. Rc5 Kd6 57. Rc8 Kd5 58. Rc7 Kd4 59. Rd7+ Kc4 60.
Rc7+ Kd3 61. Rd7+ Kc2 62. Rd5 Rd1 63. Rxf5 Kb3 64. Rxh5 c2 0-1

[Event "Gibraltar Masters 18th"]
[Site "Gibraltar"]
[Date "2020.01.26"]
[Round "6.47"]
[White "Alboredo, Julia"]
[Black "Song, Raymond"]
[Result "0-1"]
[ECO "B48"]
[WhiteElo "2190"]
[BlackElo "2478"]
[PlyCount "46"]
[EventDate "2020.01.21"]
[EventType "swiss"]
[EventRounds "10"]
[EventCountry "GGB"]
[SourceTitle "BritBase"]
[Source "John Saunders"]
[SourceDate "2021.06.05"]
[SourceVersion "1"]
[SourceVersionDate "2021.06.05"]
[SourceQuality "1"]
[TimeControl "40/100:0"]
[WhiteClock "0:01:47"]
[BlackClock "1:26:17"]

1. e4 c5 2. Nf3 e6 3. d4 cxd4 4. Nxd4 Nc6 5. Nc3 Qc7 6. Be3 a6 7. Qf3 Nf6 8. O-O-O Ne5 9. Qg3 b5 10. f4 Neg4 11. e5 Nxe3 12. Qxe3 b4 13.
exf6 bxc3 14. f5 gxf6 15. fxe6 dxe6 16. Qf3 Rb8 17. b3 Bd7 18. Rd3 f5 19. Rxc3 Qe5 20. Rd3 Bg7 21. Be2 O-O 22. Nxf5 exf5 23. Rxd7 Qa1+ 0-1

[Event "Gibraltar Masters 18th"]
[Site "Gibraltar"]
[Date "2020.01.26"]
[Round "6.48"]
[White "Barrish, Daniel"]
[Black "Kryakvin, Dmitry"]
[Result "0-1"]
[ECO "E11"]
[WhiteElo "2352"]
[BlackElo "2592"]
[PlyCount "102"]
[EventDate "2020.01.21"]
[EventType "swiss"]
[EventRounds "10"]
[EventCountry "GGB"]
[SourceTitle "BritBase"]
[Source "John Saunders"]
[SourceDate "2021.06.05"]
[SourceVersion "1"]
[SourceVersionDate "2021.06.05"]
[SourceQuality "1"]
[TimeControl "40/100:0"]
[WhiteClock "0:46:56"]
[BlackClock "0:49:47"]

1. d4 e6 2. c4 Bb4+ 3. Bd2 a5 4. Nf3 d6 5. g3 Nc6 6. Nc3 Nf6 7. Bg2 O-O 8. O-O Re8 9. Rc1 e5 10. d5 Nb8 11. Bg5 Nbd7 12. Bh3 h6 13.
Bxf6 Nxf6 14. Bxc8 Qxc8 15. Kg2 Qd7 16. a3 Bxc3 17. Rxc3 a4 18.
Qc2 e4 19. Nd4 Re5 20. h3 c6 21. dxc6 bxc6 22. b4 axb3 23. Qxb3 Rea5 24. Rb1 c5 25. Nc2 d5 26. cxd5 Nxd5 27. Rc4 Qe6 28. a4 Kh7 29. Ne3 Nxe3+ 30. fxe3 Rb8 31. Qxb8 Qxc4 32. Kf2 Rxa4 33. Qb5 h5 34. Qxc4 Rxc4 35. Ke1 Kg6 36. Kd2 Rb4 37. Rc1 Rb2+ 38. Kd1 Rb5 39. Kc2 Rb6 40. Kc3 Rf6 41. Kc4 Rf5 42. h4 f6 43. Rd1 Rf2 44. Kxc5 Rg2 45.
Rd4 Rxg3 46. Rxe4 Rg2 47. Rf4 Rxe2 48. Kd4 Rg2 49. Ke4 Rg4 50. Kf3 Rxf4+ 51. Kxf4 Kf7 0-1

[Event "Gibraltar Masters 18th"]
[Site "Gibraltar"]
[Date "2020.01.26"]
[Round "6.49"]
[White "Santos Ruiz, Miguel"]
[Black "Mullick, Raahil"]
[Result "1/2-1/2"]
[ECO "A11"]
[WhiteElo "2591"]
[BlackElo "2382"]
[PlyCount "63"]
[EventDate "2020.01.21"]
[EventType "swiss"]
[EventRounds "10"]
[EventCountry "GGB"]
[SourceTitle "BritBase"]
[Source "John Saunders"]
[SourceDate "2021.06.05"]
[SourceVersion "1"]
[SourceVersionDate "2021.06.05"]
[SourceQuality "1"]
[TimeControl "40/100:0"]
[WhiteClock "0:22:23"]
[BlackClock "0:06:23"]

1. Nf3 d5 2. e3 Nf6 3. c4 c6 4. Nc3 Bg4 5. cxd5 Bxf3 6.
Qxf3 cxd5 7. d4 Nc6 8. Bd2 e6 9. g4 g6 10. Bd3 h5 11. g5 Nd7 12. h4 Bg7 13. Qe2 O-O 14. f4 a6 15. Rc1 Rc8 16. O-O Re8 17. Rfd1 Nb6 18.
Be1 Ne7 19. Nb1 Nf5 20. Nd2 Qd7 21. Nf3 Rxc1 22. Rxc1 Rc8 23. Rxc8+ Qxc8 24. b3 Qc1 25. Qd2 Qxd2 26. Bxd2 Kf8 27. Bxf5 exf5 28. Bb4+ Ke8 29. Kf2 Kd7 30. Ke2 Nc8 31. Kd3 Nd6 32. Bxd6 1/2-1/2

[Event "Gibraltar Masters 18th"]
[Site "Gibraltar"]
[Date "2020.01.26"]
[Round "6.50"]
[White "Ali Marandi, Cemil Can"]
[Black "Hedman, Erik"]
[Result "1-0"]
[ECO "A48"]
[WhiteElo "2546"]
[BlackElo "2376"]
[PlyCount "65"]
[EventDate "2020.01.21"]
[EventType "swiss"]
[EventRounds "10"]
[EventCountry "GGB"]
[SourceTitle "BritBase"]
[Source "John Saunders"]
[SourceDate "2021.06.05"]
[SourceVersion "1"]
[SourceVersionDate "2021.06.05"]
[SourceQuality "1"]
[TimeControl "40/100:0"]
[WhiteClock "0:32:12"]
[BlackClock "0:01:43"]

1. d4 Nf6 2. Bg5 g6 3. Nf3 Bg7 4. Nbd2 O-O 5. e4 h6 6. Bh4 d6 7. c3 Nc6 8. Qc2 e5 9. dxe5 Nxe5 10. Nxe5 dxe5 11. O-O-O Qe8 12. f3 a5 13. Kb1 Bd7 14. Nc4 Ba4 15. b3 Bc6 16. Ne3 Nd7 17. Nd5 Bxd5 18.
Rxd5 a4 19. b4 Nb6 20. Rd2 a3 21. Qb3 Na4 22. Be2 Kh8 23. Rhd1 f5 24. Rd7 g5 25. Bg3 fxe4 26. fxe4 Qg6 27. Rxc7 Qxe4+ 28. Qc2 Qxc2+ 29. Kxc2 Rad8 30. Rxd8 Rxd8 31. Kb3 Rd2 32. Rc8+ Kh7 33. Bf3 1-0

[Event "Gibraltar Masters 18th"]
[Site "Gibraltar"]
[Date "2020.01.26"]
[Round "6.51"]
[White "Baron, Tal"]
[Black "Pigott, John C"]
[Result "1-0"]
[ECO "B90"]
[WhiteElo "2529"]
[BlackElo "2370"]
[PlyCount "125"]
[EventDate "2020.01.21"]
[EventType "swiss"]
[EventRounds "10"]
[EventCountry "GGB"]
[SourceTitle "BritBase"]
[Source "John Saunders"]
[SourceDate "2021.06.05"]
[SourceVersion "1"]
[SourceVersionDate "2021.06.05"]
[SourceQuality "1"]
[TimeControl "40/100:0"]
[WhiteClock "0:42:15"]
[BlackClock "0:06:11"]

1. e4 c5 2. Nf3 d6 3. d4 cxd4 4. Nxd4 Nf6 5. Nc3 a6 6. h4 Nc6 7. Be3 Ng4 8. Nxc6 bxc6 9. Bd2 Qb6 10. Qe2 Qxb2 11. Rb1 Qa3 12. Rb3 Qa5 13. Nd5 Qd8 14. Nb6 Ra7 15. Nxc8 Qxc8 16. Rhh3 e5 17. Rb6 Be7 18. Qc4 O-O 19. Rxc6 Qd8 20. Be2 Nf6 21. Rb3 Nd7 22. g3 Nc5 23. Rbb6 Rc7 24. Qd5 Rxc6 25. Qxc6 Nxe4 26. Ba5 d5 27. Rb5 Bb4+ 28. Bxb4 axb5 29. Bxf8 Kxf8 30. Qxb5 g6 31. Bf3 Nf6 32. a4 Qc7 33. Qb4+ Kg7 34. c3 e4 35. Be2 e3 36. Qd4 exf2+ 37. Kxf2 h6 38. Bf3 g5 39. h5 Qa5 40. Kg2 Qa8 41. Kf2 Qc8 42. g4 Qa8 43.
Ke1 Qd8 44. Kd1 Qd6 45. Kc2 Qh2+ 46. Kb3 Qb8+ 47. Ka2 Qh2+ 48. Kb1 Qb8+ 49. Kc1 Qd6 50. Bd1 Kf8 51. Kb2 Ke7 52. a5 Nd7 53. Bb3 Qh2+ 54. Bc2 Qd6 55. Bb3 Qh2+ 56. Kc1 Qh1+ 57. Bd1 Qe4 58. Qxe4+ dxe4 59. Kd2 Kd6 60. Ke3 Nc5 61. Be2 Kc6 62. Bc4 f6 63. Kd4 1-0

[Event "Gibraltar Masters 18th"]
[Site "Gibraltar"]
[Date "2020.01.26"]
[Round "6.52"]
[White "Libiszewski, Fabien"]
[Black "Reimanis, Ritvars"]
[Result "0-1"]
[ECO "B31"]
[WhiteElo "2522"]
[BlackElo "2370"]
[PlyCount "90"]
[EventDate "2020.01.21"]
[EventType "swiss"]
[EventRounds "10"]
[EventCountry "GGB"]
[SourceTitle "BritBase"]
[Source "John Saunders"]
[SourceDate "2021.06.05"]
[SourceVersion "1"]
[SourceVersionDate "2021.06.05"]
[SourceQuality "1"]
[TimeControl "40/100:0"]
[WhiteClock "0:32:51"]
[BlackClock "0:51:20"]

1. e4 c5 2. Nf3 Nc6 3. Bb5 g6 4. Bxc6 bxc6 5. d4 cxd4 6.
Qxd4 f6 7. O-O Bg7 8. c4 Nh6 9. Bxh6 Bxh6 10. Rd1 O-O 11. c5 Qe8 12. Na3 Qf7 13. Qa4 Qe6 14. Re1 Rb8 15. Nc4 Rb7 16. Rad1 Bg7 17. Nd4 Qf7 18. f4 Re8 19. b3 Bf8 20. f5 e5 21. fxe6 dxe6 22. Nd6 Bxd6 23. cxd6 c5 24. Nf3 e5 25. Qc6 Rd8 26. Qxc5 Rbd7 27. Rd2 Bb7 28. Qxa7 Bxe4 29. Qc5 Bb7 30. Red1 Qe6 31. Ne1 Rc8 32. Qb4 e4 33. Nc2 Ba6 34. Ne3 Bd3 35. Rxd3 exd3 36. Rxd3 Rc1+ 37. Kf2 Qe5 38. Qd2 Qf4+ 39. Ke2 Rg1 40. g3 Qe4 41. Qc3 Kg7 42. Kf2 Qh1 43. h3 Qh2+ 44. Kf3 Rxg3+ 45. Ke4 Qh1+ 0-1

[Event "Gibraltar Masters 18th"]
[Site "Gibraltar"]
[Date "2020.01.26"]
[Round "6.53"]
[White "Bilguun, Sumiya"]
[Black "Beinoras, Mindaugas"]
[Result "1-0"]
[ECO "C55"]
[WhiteElo "2486"]
[BlackElo "2355"]
[PlyCount "91"]
[EventDate "2020.01.21"]
[EventType "swiss"]
[EventRounds "10"]
[EventCountry "GGB"]
[SourceTitle "BritBase"]
[Source "John Saunders"]
[SourceDate "2021.06.05"]
[SourceVersion "1"]
[SourceVersionDate "2021.06.05"]
[SourceQuality "1"]
[TimeControl "40/100:0"]
[WhiteClock "1:29:08"]
[BlackClock "0:44:40"]

1. e4 e5 2. Bc4 Nf6 3. d3 Nc6 4. Nf3 Be7 5. O-O O-O 6. Re1 d6 7. a4 h6 8. Nbd2 Na5 9. Ba2 c5 10. Nf1 Re8 11. Ng3 Bf8 12. Nh4 Be6 13.
Nhf5 Bxa2 14. Rxa2 Nc6 15. c3 Kh7 16. Qf3 g6 17. Ne3 Bg7 18.
h4 Qd7 19. h5 Rad8 20. Nd5 Ng8 21. Be3 Rf8 22. b4 cxb4 23. cxb4 Rc8 24. Raa1 Nge7 25. b5 Nd4 26. Bxd4 Nxd5 27. Bxa7 Ra8 28. exd5 Rxa7 29. Ra2 Rc8 30. hxg6+ fxg6 31. Ne4 Rca8 32. Rea1 Ra5 33. Qd1 Kh8 34. Qb3 Bf8 35. Rc1 Be7 36. Rc4 Bd8 37. Qb4 Qg4 38. Qd2 Bg5 39. Qc2 Bd8 40. Nc5 Qc8 41. Ne6 Qd7 42. Qc1 Bg5 43. Nxg5 hxg5 44. Qxg5 Rxb5 45. Qf6+ Qg7 46. Qh4+ 1-0

[Event "Gibraltar Masters 18th"]
[Site "Gibraltar"]
[Date "2020.01.26"]
[Round "6.54"]
[White "Raja, Harshit"]
[Black "Borocz, Istvan"]
[Result "1-0"]
[ECO "B42"]
[WhiteElo "2482"]
[BlackElo "2337"]
[PlyCount "79"]
[EventDate "2020.01.21"]
[EventType "swiss"]
[EventRounds "10"]
[EventCountry "GGB"]
[SourceTitle "BritBase"]
[Source "John Saunders"]
[SourceDate "2021.06.05"]
[SourceVersion "1"]
[SourceVersionDate "2021.06.05"]
[SourceQuality "1"]
[TimeControl "40/100:0"]
[WhiteClock "0:06:45"]
[BlackClock "0:01:03"]

1. e4 c5 2. Nf3 e6 3. d4 cxd4 4. Nxd4 a6 5. Bd3 Bc5 6. Nb3 Be7 7. Qg4 g6 8. Qe2 d6 9. Nc3 Nd7 10. a4 b6 11. O-O Qc7 12. f4 Bf6 13.
e5 Be7 14. exd6 Bxd6 15. Nd5 Qb8 16. a5 Ne7 17. Nxe7 Bxe7 18. axb6 Nxb6 19. Na5 Nd5 20. Kh1 Qc7 21. Be4 Rb8 22. f5 Rb5 23.
fxe6 Bxe6 24. c4 Rxa5 25. Rxa5 Nb4 26. Rd5 Bxd5 27. cxd5 O-O 28. Bh6 Rd8 29. Qf3 Bf8 30. Bf4 Bd6 31. Bd2 f5 32. Bxf5 gxf5 33. Qxf5 Rf8 34. Qg4+ Qg7 35. Qe6+ Rf7 36. Bh6 Qxh6 37. Qxf7+ Kh8 38. Qe8+ Kg7 39. Rf7+ Kg6 40. Qe6+ 1-0

[Event "Gibraltar Masters 18th"]
[Site "Gibraltar"]
[Date "2020.01.26"]
[Round "6.55"]
[White "Girya, Olga"]
[Black "Divya, Deshmukh"]
[Result "1-0"]
[ECO "E11"]
[WhiteElo "2477"]
[BlackElo "2322"]
[PlyCount "79"]
[EventDate "2020.01.21"]
[EventType "swiss"]
[EventRounds "10"]
[EventCountry "GGB"]
[SourceTitle "BritBase"]
[Source "John Saunders"]
[SourceDate "2021.06.05"]
[SourceVersion "1"]
[SourceVersionDate "2021.06.05"]
[SourceQuality "1"]
[TimeControl "40/100:0"]
[WhiteClock "0:02:29"]
[BlackClock "0:00:44"]

1. d4 Nf6 2. c4 e6 3. Nf3 Bb4+ 4. Bd2 Qe7 5. g3 Nc6 6. Nc3 Bxc3 7. Bxc3 Ne4 8. Rc1 O-O 9. Bg2 d6 10. d5 Nxc3 11. Rxc3 Nb8 12. dxe6 fxe6 13. O-O Nd7 14. Qd2 Nc5 15. Ng5 a5 16. Ra3 Ra6 17. h4 a4 18. Qc2 g6 19. Ne4 Nxe4 20. Bxe4 Qg7 21. Rb1 Qe5 22. Re3 Qh5 23. Rd1 Ra5 24. Rdd3 b6 25. Qc3 Bd7 26. b4 axb3 27. axb3 Qe5 28. Qxe5 Rxe5 29. b4 Bc8 30. f4 Rh5 31. Ra3 Kg7 32. Ra7 Rf7 33.
Bf3 Rhf5 34. Bg4 R5f6 35. Rd3 h6 36. e4 g5 37. Bh5 Rd7 38.
e5 Rf8 39. exd6 Rfd8 40. dxc7 1-0